 Dungeon Crawl Stone Soup version 0.30.0-20-g3615ddf2f0 (webtiles) character file.

Game seed: 4806871279990651734

91 qw the Chopper (level 4, -3/28 HPs)
             Began as a Gargoyle Fighter on May 27, 2023.
             Slain by a gnoll
             ... wielding a +1 flail of protection
              (7 damage)
             ... on level 2 of the Dungeon.
             The game lasted 00:00:46 (1303 turns).

qw the Chopper (Gargoyle Fighter)                   Turns: 1303, Time: 00:00:47

Health: -3/28      AC: 10    Str: 21    XL:     4   Next: 57%
Magic:  4/4        EV:  9    Int:  9    God:
Gold:   57         SH:  4    Dex:  9    Spells: 3/3 levels left

rFire   . . .        Y - +0 war axe
rCold   . . .        c - +0 buckler
rNeg    + + .        b - +0 scale mail
rPois   inf          (no helmet)
rElec   +            (no cloak)
rCorr   .            (no gloves)
SInv    .            (no boots)
Will    .....        (no amulet) Stlth
                     e - ring of positive energy
HPRegen 0.24/turn    (no ring)
MPRegen 0.09/turn

%: no passive effects
@: no status effects
A: sickness immunity, AC +3, negative energy resistance 1, electricity
resistance, torment resistance 1, petrification resistance
a: no special abilities


You were on level 2 of the Dungeon.
You visited 1 branch of the dungeon, and saw 2 of its levels.

You collected 57 gold pieces.


Innate Abilities, Weirdness & Mutations

You are immune to sickness and miasma.
Your stone body is resilient. (AC +3)
You are immune to poison.
You resist negative energy. (rN+)
You are resistant to electric shocks. (rElec)
You are resistant to unholy torment.
You are immune to petrification.


   Skills:
 - Level 3.2 Fighting
 + Level 4.2 Axes
 - Level 3.2 Armour
 - Level 3.2 Shields


You had 3 spell levels left.
You didn't know any spells.
Your spell library was empty.

Inventory:

Hand Weapons
 a - a +0 flail
 Y - a +0 war axe (weapon)
Armour
 b - a +0 scale mail (worn)
 c - a +0 buckler (worn)
 m - a +0 pair of gloves
Jewellery
 e - a ring of positive energy (left hand)
Scrolls
 f - 2 scrolls of identify
 k - a scroll of enchant weapon {unknown}
 l - a scroll of poison {unknown}
 n - a scroll of blinking {unknown}
Potions
 d - a potion of might
 g - 2 potions of attraction {unknown}
 h - a potion of degeneration {unknown}
 i - a potion of haste {unknown}
 j - 2 potions of heal wounds {unknown}

Dungeon Overview and Level Annotations

Branches:
Dungeon (2/15)

Altars:


Message History

The gnoll hits you with a +1 flail of protection!
You closely miss the gnoll. The gnoll barely misses you.
The gnoll hits you but does no damage.
You closely miss the gnoll.
The gnoll hits you from afar with a +0 spear.
The gnoll closely misses you.
You barely miss the gnoll.
The gnoll misses you. x2; You block the gnoll's attack.
The gnoll hits you but does no damage.
You closely miss the gnoll. The gnoll barely misses you.
The gnoll closely misses you.
The goblin shouts!
You hit the gnoll.
The gnoll is heavily wounded.
You hear a shout! x2
The gnoll hits you with a +1 flail of protection.
The gnoll closely misses you.
You hit the gnoll but do no damage.
The gnoll is heavily wounded.
You hear a shout!
The gnoll hits you with a +1 flail of protection.
The gnoll barely misses you. The goblin hits you with a +0 club.
The gnoll hits you but does no damage.
The gnoll hits you with a +1 flail of protection.
You barely miss the gnoll.
The gnoll is heavily wounded.
You slash the goblin!
You kill the goblin!
The gnoll barely misses you.
The gnoll hits you from afar with a +0 spear.
You hit the gnoll.
The gnoll is severely wounded.
The gnoll hits you with a +1 flail of protection.
You block the gnoll's attack.
You barely miss the gnoll.
The gnoll is severely wounded.
The gnoll barely misses you. You block the gnoll's attack.
The gnoll barely misses you.
The gnoll hits you with a +1 flail of protection!
You die...

.# ######### #.# #.#
.......[# #.. #.#
........###..
#.##........##..
#...........##.#
#...........##.## #..
........)%gg# #.#
##.#####.@#....... ####.#
..# #.)#####g...
[.##.###.#.###.#########g
#%....................#
..)..<#.##.######.....#
.##.##).##.###....#####
.....#.###.#...####
###...)###.%.###
.##.#..##...##


You could see 2 gnolls.

Vanquished Creatures
  Jessica (D:2)
  An adder (D:2)
  2 worms (D:2)
  2 dart slugs
  2 ball pythons (D:1)
  3 bats
  2 endoplasms (D:1)
  2 giant cockroaches (D:1)
  6 goblins
  3 hobgoblins (D:1)
  6 jackals (D:2)
  5 kobolds
  A quokka (D:1)
  A frilled lizard (D:2)
  5 rats
42 creatures vanquished.

Notes
Turn   | Place    | Note
-------+----------+-------------------------------------------
     0 | D:1      | qw the Gargoyle Fighter began the quest for the Orb.
     0 | D:1      | Reached XP level 1. HP: 14/14 MP: 1/1
     0 | D:1      | 0 ||| qw: Version: 0.2-a-99-gce666ed
     0 | D:1      | 0 ||| qw: Game counter: 122
     0 | D:1      | 0 ||| qw: Always use a shield: true
     0 | D:1      | 0 ||| qw: God list: Okawaru
     0 | D:1      | 0 ||| qw: Allow faded altars: false
     0 | D:1      | 0 ||| qw: Do Orc after D:15 true
     0 | D:1      | 0 ||| qw: Do second Lair branch before Depths: true
     0 | D:1      | 0 ||| qw: Lair rune preference: random
     0 | D:1      | 0 ||| qw: Plans: Normal, Zot:1-4, God:TSO, Crypt, Tomb,
                  | Pan, Slime:5, Hells, Abyss, Win
     0 | D:1      | 0 ||| PLANNING D:1-11
    37 | D:1      | Reached skill level 2 in Axes
    93 | D:1      | Reached XP level 2. HP: 19/19 MP: 2/2
   120 | D:1      | Found a faded altar of an unknown god.
   251 | D:1      | 251 ||| Stepping ~*~*~tactically~*~*~ (hiding).
   370 | D:1      | 370 ||| DROPPING +0 whip.
   513 | D:1      | Reached skill level 3 in Axes
   557 | D:1      | Reached XP level 3. HP: 22/23 MP: 3/3
   848 | D:1      | 848 ||| UPGRADING to ring of positive energy.
   849 | D:1      | 849 ||| READING scroll labelled CIWKALL ITSERE.
   850 | D:1      | 850 ||| READING scroll labelled HUUHOM AGEQUPI.
   915 | D:2      | 915 ||| DROPPING +1 mace of protection.
  1029 | D:2      | 1029 ||| Stepping ~*~*~tactically~*~*~ (hiding).
  1030 | D:2      | 1030 ||| Stepping ~*~*~tactically~*~*~ (hiding).
  1031 | D:2      | 1031 ||| Stepping ~*~*~tactically~*~*~ (hiding).
  1032 | D:2      | 1032 ||| Stepping ~*~*~tactically~*~*~ (hiding).
  1034 | D:2      | 1034 ||| Stepping ~*~*~tactically~*~*~ (stealth).
  1050 | D:2      | Reached XP level 4. HP: 10/28 MP: 4/4
  1139 | D:2      | 1139 ||| Stepping ~*~*~tactically~*~*~ (stealth).
  1259 | D:2      | Noticed Jessica
  1260 | D:2      | 1260 ||| Stepping ~*~*~tactically~*~*~ (hiding).
  1273 | D:2      | Killed Jessica
  1274 | D:2      | Reached skill level 4 in Axes
  1275 | D:2      | 1275 ||| Stepping ~*~*~tactically~*~*~ (stealth).
  1290 | D:2      | 1290 ||| Stepping ~*~*~tactically~*~*~ (hiding).
  1300 | D:2      | HP: 7/28 [gnoll/+1 flail of protection (1)]
  1302 | D:2      | HP: 3/28 [gnoll/+1 flail of protection (3)]
  1303 | D:2      | Slain by a gnoll

Levels and vault maps discovered:
D:1:      dpeg_arrival_tiny_i, layout_basic,
          ebering_ecumenical_altar_sacrificial
D:2:      layout_rooms, minmay_misc_feat_doors, uniq_jessica

Skill      XL: |  1  2  3  4 |
---------------+-------------+-----
Axes           | 2 3 4 |  4.2
Fighting       | |  3.2
Armour         | |  3.2
Shields        | |  3.2

Action                     |  1- 3 |  4- 6 || total
---------------------------+-------+-------++-------
  Melee: War axe           |    93 |    30 ||   123
    Use: Scroll            |     2 |       ||     2
 Armour: Scale mail        |    41 |    20 ||    61
  Dodge: Dodged            |    41 |    22 ||    63
  Block: Buckler           |    20 |    12 ||    32

Table legend:
 A = Non-vault XP
 B = Vault XP
 C = Vault XP percentage of total XP
 D = Non-vault monster count
 E = Vault monster count
 F = Vault count percentage of total count
                 A         B        C        D         E       F
            +---------+---------+-------+---------+---------+-------
      Total |      93 |      37 |  28.5 |      41 |       1 |   2.4
            +---------+---------+-------+---------+---------+-------
        D:1 |      40 |       0 |   0.0 |      22 |       0 |   0.0
        D:2 |      53 |      37 |  41.1 |      19 |       1 |   5.0
            +---------+---------+-------+---------+---------+-------
